 Dungeon Crawl Stone Soup version 0.29.0-13-gc9e81de378 (webtiles) character file.

Game seed: 4757939369791506885

33 SnakkuSnakku7 the Shooter (level 3, -11/28 HPs)
             Began as a Djinni Hunter on Sept 10, 2022.
             Killed from afar by Robin (20 damage)
             ... with a bolt of light
             ... on level 2 of the Dungeon.
             The game lasted 00:01:06 (991 turns).

SnakkuSnakku7 the Shooter (Djinni Hunter)            Turns: 991, Time: 00:01:06

Health: -11/28     AC:  4    Str: 10    XL:     3   Next: 47%
Gold:   51         EV: 12    Int: 10    God:
                   SH:  0    Dex: 18

rFire   + + .      SeeInvis .   a - +0 shortbow
rCold   x . .      Faith    .   (shield currently unavailable)
rNeg    . . .      Spirit   .   c - +0 leather armour
rPois   ∞          Reflect  .   (no helmet)
rElec   .          Harm     .   (no cloak)
rCorr   +          Rampage  .   j - +0 pair of gloves
Will    .....                   (boots unavailable)
Stlth   +.........              (no amulet)
HPRegen 0.09/turn               g - ring of resist corrosion
MPRegen 0.00/turn               (no ring)

@: confused, flying
A: sickness immunity, fire resistance 2, cold vulnerability 1, float, innate
caster, HP casting, extra vitality 1
a: no special abilities


You were on level 2 of the Dungeon.
You visited 1 branch of the dungeon, and saw 2 of its levels.

You collected 51 gold pieces.

Inventory:

Hand Weapons
 a - a +0 shortbow (weapon)
Armour
 c - a +0 leather armour (worn)
 j - a +0 pair of gloves (worn)
Jewellery
 g - a ring of resist corrosion (left hand)
Scrolls
 b - a scroll of immolation
 d - a scroll of fear {unknown}
 e - a scroll of identify {unknown}
 h - 2 scrolls of brand weapon {unknown}
 l - a scroll of noise {unknown}
Potions
 f - a potion of curing {unknown}
 i - a potion of might {unknown}
 k - a potion of invisibility {unknown}


   Skills:
 - Level 2.0 Fighting
 + Level 4.2 Ranged Weapons
 - Level 2.1 Dodging
 - Level 0.7 Stealth


You had one spell level left.
You knew the following spells:

 Your Spells              Type           Power      Damage    Failure   Level
a - Magic Dart            Conj           0%         1d3       45%         1
Your spell library was empty.

Dungeon Overview and Level Annotations

Branches:
Dungeon (2/15)

Altars:

Annotations:
D:2 Robin


Innate Abilities, Weirdness & Mutations

You are immune to sickness and miasma.
You are immune to poison.
Your flesh is very heat resistant. (rF++)
You are vulnerable to cold. (rC-)
You float through the air rather than walking.
You learn spells naturally, not from books.
Your magical power is your life essence.
You have superior vitality. (+4 MHP)


Message History

The goblin unwields a +0 dagger.
The goblin wields a +0 sling.
The goblin shoots a sling bullet.
The sling bullet hits you but does no damage.
You hear a shout! x3
You shoot an arrow. The arrow hits the goblin.
You kill the goblin!
No target in view!
No target in view!
No target in view!
No target in view!
You see here a +0 dagger.
Robin, 3 goblins and a hobgoblin come into view.
Robin is wielding a +0 club and carrying a wand of light (11).
Found a falchion and 4 large rocks.
The goblin shouts! x2; The hobgoblin shouts!
You shoot an arrow. The arrow hits the goblin.
The goblin is heavily wounded.
A goblin comes into view. It is wielding a +0 club.
Robin drinks a potion.
Robin suddenly seems more resistant.
You shoot an arrow. The arrow hits the goblin!
You kill the goblin!
You hear an angry hiss.
Robin zaps a wand.
The bolt of light misses you.
Robin roars a battlecry!
The goblins go into a battle-frenzy!
You shoot an arrow.
The arrow hits Robin but does no damage.
You shoot an arrow.
The arrow hits Robin but does no damage.
Robin zaps a wand.
The bolt of light hits you!!
Ouch! That really hurt!
A goblin comes into view. It is wielding a +0 dagger.
You are too injured to fight recklessly!
You are too injured to fight recklessly!
Unknown command.
You are too injured to fight recklessly!
Robin zaps a wand.
The bolt of light hits you!!
You are confused.
Ouch! That really hurt!
You die...

###<##.# ###...##.#
..#[####.# #.#†# #.#
#.#.# #.#
#gg#######.#.####.#
#gggg).##........###
######.###..##.....#
).......@.....[.....#
#######.###.###.....#
#.( #.# #.....# ###
......#.###
##.###...# #.# ###.#
#.# #.# #.# ###


You could see Robin (resistant).

Vanquished Creatures
  An endoplasm (D:1)
  8 goblins
  5 hobgoblins
  2 jackals (D:1)
  3 quokkas (D:1)
  2 ball pythons (D:1)
  2 bats (D:1)
  6 rats (D:1)
29 creatures vanquished.

Notes
Turn   | Place    | Note
-------+----------+-------------------------------------------
     0 | D:1      | SnakkuSnakku7 the Djinni Hunter began the quest for the
                  | Orb.
     0 | D:1      | Reached XP level 1. HP: 18/18 MP: 0/0
   169 | D:1      | Reached XP level 2. HP: 17/23 MP: 0/0
   432 | D:1      | Reached XP level 3. HP: 28/28 MP: 0/0
   432 | D:1      | Learned a level 1 spell: Magic Dart
   433 | D:1      | Reached skill level 4 in Ranged Weapons
   774 | D:1      | Found a faded altar of an unknown god.
   986 | D:2      | Noticed Robin
   991 | D:2      | Killed from afar by Robin

Illustrated notes

Levels and vault maps discovered:
D:1:      matt_arrival_refuge, layout_basic, shapermc_ecumenical_altar_acropolis
D:2:      layout_rooms, uniq_robin

Skill      XL: |  1  2  3 |
---------------+----------+-----
Ranged Weapons | 4 |  4.2
Fighting       | |  2.0
Dodging        | |  2.1
Stealth        | |  0.7

Action                   || total
-------------------------++-------
 Fire: Shortbow          ||    70
Armor: Leather armour    ||    10
Dodge: Dodged            ||    17
